 Dungeon Crawl Stone Soup version 0.26.1-11-gd32895ea62 (webtiles) character file.

Game seed: 17025176437734958173

137 RepoMan the Charlatan (level 5, 0/39 HPs)
             Began as a Demonspawn Artificer on July 24, 2021.
             Killed by divine providence
             ... invoked by an orc priest
              (13 damage)
             ... on level 3 of the Dungeon.
             The game lasted 00:19:46 (4288 turns).

RepoMan the Charlatan (Demonspawn Artificer)        Turns: 4288, Time: 00:19:46

Health: 0/39       AC:  3    Str: 12    XL:     5   Next: 0%
Magic:  5/5        EV: 12    Int: 12    God:
Gold:   120        SH:  0    Dex: 15    Spells: 4/4 levels left

rFire    . . .     SeeInvis .   i - +0 spear
rCold    . . .     Faith    .   (no shield)
rNeg     . . .     Spirit   .   b - +0 leather armour
rPois    .         Reflect  .   (helmet restricted)
rElec    .         Harm     .   (no cloak)
rCorr    .         Rampage  .   (no gloves)
Will     .....                  (no boots)
Stlth    ++........             (no amulet)
HPRegen  0.13/turn              (no ring)
MPRegen  0.09/turn              (no ring)

@: no status effects
A: antennae 2, sturdy frame 1
a: no special abilities


You were on level 3 of the Dungeon.
You visited 1 branch of the dungeon, and saw 3 of its levels.

You collected 120 gold pieces.

Inventory:

Hand Weapons
 i - a +0 spear (weapon)
Armour
 b - a +0 leather armour (worn)
Wands
 d - a wand of enslavement (5)
 e - a wand of random effects (7)
Scrolls
 f - a scroll of fog {unknown}
 g - a scroll of noise {unknown}
 h - a scroll of blinking {unknown}
 k - a scroll of remove curse
 l - 2 scrolls of identify {unknown}
 m - a scroll of teleportation
 n - a scroll of fear {unknown}
Potions
 a - a potion of berserk rage {unknown}
 j - 2 potions of might {unknown}
 o - a potion of brilliance {unknown}


   Skills:
 * Level 2.7 Fighting
 + Level 2.4 Armour
 + Level 1.9 Dodging
 - Level 0.8 Stealth
 * Level 4.1 Evocations


You had 4 spell levels left.
You didn't know any spells.
Your spell library was empty.

Dungeon Overview and Level Annotations

Branches:
Dungeon (3/15)

Altars:


Innate Abilities, Weirdness & Mutations

You have a pair of antennae on your head.
Your movements are slightly less encumbered by armour. (ER -2)


Message History

Aim: an orc priest, wielding a -3 war axe, wearing a +0 chain mail and wearing a cursed ring of attention (severely wounded, fast, 21% to evade)
The puff of flame hits the orc priest but does no damage.
The orc priest is severely wounded.
The now-empty wand crumbles to dust.
The orc priest mumbles some strange prayers to Beogh against you.
Pain shoots through your body!
The orc priest hits you with a cursed -3 war axe.
You hit the orc priest.
The orc priest is almost dead.
The orc priest barely misses you.
You hit the orc priest but do no damage.
The orc priest is almost dead.
The orc priest barely misses you.
Okay, then.
Unknown command.
You hit the orc priest but do no damage.
The orc priest is almost dead.
The orc priest mumbles some strange prayers to Beogh against you.
Beogh smites you!
You die...

##########.....#.....
#.............†....##
#.#.###........###.#
#.#.# #.##.....# #.#
#.#.# #.##.....# #.#
#.#.###.###.#### #)#
#.#..##.# #.# #.#
#.##.##.# #.# #.#
#.##@##.# #.# #.#
#...o....# #.# #.#
#.#.#.#### #.# #.#
#.#.# ..# #.# . ...
### #.# .# #.# #. #.#
# #(#


You could see an orc priest (fast).

Vanquished Creatures
  An iguana (D:3)
  Robin (D:3)
  A gnoll (D:2)
  An adder (D:3)
  2 worms (D:2)
  A dart slug (D:1)
  3 leopard geckos
  2 orcs (D:3)
  A ball python (D:3)
  6 bats
  3 giant cockroaches
  9 goblins
  6 hobgoblins
  2 jackals (D:1)
  8 kobolds
  2 quokkas (D:3)
  2 frilled lizards (D:2)
  5 rats
56 creatures vanquished.

Vanquished Creatures (collateral kills)
  2 gnolls (D:2)
  A goblin (D:3)
  2 orcs (D:3)
5 creatures vanquished.

Vanquished Creatures (others)
  An orc wizard (D:3)
  An adder (D:3)
  A gnoll (D:2)
  A giant cockroach (D:3)
4 creatures vanquished.

Grand Total: 65 creatures vanquished

Notes
Turn   | Place    | Note
-------+----------+-------------------------------------------
     0 | D:1      | RepoMan the Demonspawn Artificer began the quest for the
                  | Orb.
     0 | D:1      | Reached XP level 1. HP: 15/15 MP: 1/1
   222 | D:1      | Reached skill level 1 in Dodging
   346 | D:1      | Gained mutation: You have a pair of small antennae on your
                  | head. [demonic ancestry]
   346 | D:1      | Reached XP level 2. HP: 9/21 MP: 2/2
  1893 | D:2      | Gained mutation: Your movements are slightly less
                  | encumbered by armour. (ER -2) [demonic ancestry]
  1893 | D:2      | Reached XP level 3. HP: 22/27 MP: 3/3
  2974 | D:3      | Reached XP level 4. HP: 27/33 MP: 4/4
  3594 | D:3      | Reached skill level 4 in Evocations
  3818 | D:3      | Noticed Robin
  3828 | D:3      | Killed Robin
  4239 | D:3      | Gained mutation: You have a pair of antennae on your head.
                  | [demonic ancestry]
  4239 | D:3      | Reached XP level 5. HP: 39/39 MP: 5/5
  4288 | D:3      | Killed from afar by an orc priest

Illustrated notes

Levels and vault maps discovered:
D:1:      scummos_arrival_gate, layout_loops_corners, kennysheep_crisscross
D:2:      layout_basic
D:3:      layout_loops_ring, uniq_robin

Skill      XL: |  1  2  3  4 |
---------------+-------------+-----
Dodging        | 1 |  1.9
Armour         | 2 |  2.4
Fighting       | 2 |  2.7
Evocations     | 4 |  4.1
Stealth        | |  0.8

Action                   |  1- 3 |  4- 6 || total
-------------------------+-------+-------++-------
Melee: Club              |    52 |       ||    52
       Spear             |   117 |    87 ||   204
Evoke: Wand              |    14 |    19 ||    33
  Use: Potion            |       |     3 ||     3
       Scroll            |       |     2 ||     2
 Stab: Sleeping          |     2 |     3 ||     5
Armor: Leather armour    |    44 |    11 ||    55
Dodge: Dodged            |    87 |    53 ||   140
